Map: Pylon LE

Players

venuslux - Winner!

  • Race: Terran Terran
  • League: Diamond
  • Spawn Location: 11:00

LigerMaNN

  • Race: Zerg Zerg
  • League: Diamond
  • Spawn Location: 5:00

VOD

Have the link to the VOD?

Description

Time

  • Played on: June 8, 2025, 12:56 a.m.
  • Length: 8:25
Show
View Real Time Build Order
Export as new Build Order

venuslux Terran - Winner!

Build Orders: Reaper Expand 

Get SALT Encoding   

  12  0:00  SCV  
  13  0:12  SCV  
  14  0:18  Supply Depot  
  14  0:25  SCV  
  15  0:39  SCV  
  15  0:41  Barracks  
  16  0:44  Refinery  
  16  0:52  SCV  
  17  1:04  SCV  
  18  1:16  SCV  
  19  1:29  Orbital Command, Reaper  
  20  1:43  Command Center  
  20  1:57  SCV  
  20  2:00  Marine  
  22  2:04  Factory  
  22  2:09  SCV  
  22  2:15  Supply Depot  
  23  2:24  SCV  
  23  2:28  Refinery  
  23  2:30  Barracks Reactor  
  24  2:37  SCV  
  24  2:49  SCV  
  25  3:01  SCV  
  26  3:06  Orbital Command  
  26  3:14  Starport  
  26  3:15  SCV  
  27  3:22  Hellion x2  
  31  3:27  SCV  
  31  3:33  Barracks Tech Lab  
  32  3:39  SCV  
  32  3:44  Widow Mine  
  32  3:45  Widow Mine  
  32  3:46  SCV  
  37  3:51  SCV  
  37  3:52  Starport Tech Lab, Barracks  
  38  4:00  Marauder  
  40  4:09  SCV  
  42  4:10  SCV  
  42  4:15  Viking  
  44  4:20  Factory Tech Lab  
  44  4:21  SCV  
  44  4:22  SCV  
  44  4:24  Supply Depot  
  46  4:30  Supply Depot  
  46  4:39  Marauder, SCV x2  
  46  4:45  Siege Tank  
  53  4:51  SCV x2  
  53  4:52  Supply Depot  
  55  4:58  Marine x2  
  55  4:59  Banshee  
  60  5:01  Marauder  
  60  5:03  SCV  
  63  5:11  Command Center  
  63  5:17  Marine x2  
  63  5:18  Siege Tank  
  68  5:21  Marine  
  68  5:22  Supply Depot  
  67  5:42  Banshee  
  70  5:51  Barracks Tech Lab  
  70  5:55  Marine x2  
  72  6:04  Supply Depot  
  72  6:05  Siege Tank  
  75  6:11  Barracks, Engineering Bay  
  75  6:12  Barracks, Marine  
  75  6:13  Marine x2  
  78  6:30  Marine  
  78  6:31  Marine x2  
  74  6:39  Siege Tank  
  70  6:48  Marine x2  
  70  6:49  Marine  
  65  7:04  Liberator  
  65  7:06  Marine x3  
  71  7:15  Siege Tank  
  74  7:17  Orbital Command  
  74  7:20  Barracks  
  65  7:24  Marine x2  
  68  7:34  Barracks Tech Lab  
  67  7:42  Marine x2  
  63  7:47  Siege Tank  
  66  7:51  Marine  
  67  8:00  Marine x2  
Show
View Real Time Build Order
Export as new Build Order

LigerMaNN Zerg 

Build Orders: Hatch First 

Get SALT Encoding   

  12  0:00  Drone  
  13  0:08  Drone  
  14  0:18  Drone, Extractor  
  15  0:22  Overlord  
  15  0:42  Drone x2  
  17  0:55  Hatchery  
  16  0:57  Drone  
  16  0:58  Drone  
  18  1:11  Extractor  
  17  1:13  Spawning Pool  
  17  1:16  Drone  
  17  1:20  Drone  
  18  1:27  Drone  
  19  1:37  Overlord  
  19  2:05  Zergling x4  
  19  2:07  Zergling x2, Queen  
  19  2:08  Queen  
  26  2:12  Metabolic Boost  
  26  2:22  Drone  
  27  2:23  Drone x2  
  28  2:53  Drone  
  28  2:54  Drone x5  
  28  2:56  Hatchery  
  33  3:09  Drone x2  
  35  3:18  Roach Warren  
  35  3:19  Overlord x2  
  34  3:26  Queen  
  36  3:43  Drone x4  
  36  3:44  Drone x2  
  36  3:46  Overlord  
  42  4:08  Roach x6  
  54  4:23  Drone x2, Extractor  
  54  4:24  Drone  
  56  4:26  Lair  
  56  4:45  Drone x10  
  62  4:51  Overlord x2  
  66  4:54  Hatchery  
  65  5:03  Drone  
  65  5:04  Overlord  
  65  5:05  Overlord x4  
  66  5:12  Drone x2  
  66  5:13  Drone x3  
  67  5:32  Zergling x8  
  67  5:33  Zergling x2  
  68  5:37  Queen  
  68  5:40  Zergling x10  
  71  5:47  Roach x5  
  79  5:53  Queen x2  
  83  6:08  Roach x2  
  83  6:09  Roach x5  
  97  6:14  Zergling x8  
  97  6:15  Zergling x6  
  52  6:47  Zergling x10  
  52  6:48  Zergling x14  
  62  7:01  Roach x3  
  65  7:30  Roach x6  
  55  7:57  Zergling x22  
  66  8:04  Zergling x6  
  66  8:05  Zergling x6  
Tags
 
Add a new tag
Caveats
  • Supply blocks, unpowered buildings, or Contaminate may cause inaccurate times.
  • Supply counts are checked every 10 seconds.